 Dungeon Crawl Stone Soup version 0.27-a0-109-g416527ed24 (webtiles) character file.

Game seed: 3152946436438710625

595 timneilson the Covered (level 7, -9/66 HPs)
             Began as a Gargoyle Fighter on Jan 24, 2021.
             Was an Initiate of Okawaru.
             Killed by divine providence
             ... invoked by an orc priest
              (11 damage)
             ... on level 5 of the Dungeon.
             The game lasted 00:06:12 (3563 turns).

timneilson the Covered (Gargoyle Fighter)           Turns: 3563, Time: 00:06:12

Health: -9/66      AC: 23    Str: 21    XL:     7   Next: 40%
Magic:  7/7        EV:  2    Int:  9    God:    Okawaru [......]
Gold:   280        SH: 11    Dex:  9    Spells: 6/6 levels left

rFire    . . .     SeeInvis .   a - +1 long sword
rCold    . . .     Faith    .   c - +1 kite shield
rNeg     + + +     Spirit   .   (armour currently unavailable)
rPois    ∞         Reflect  .   (helmet currently unavailable)
rElec    .         Harm     .   (cloak currently unavailable)
rCorr    .         Rampage  .   (gloves currently unavailable)
Will     .....     NoTele   +   (boots currently unavailable)
Stlth    +.........             (no amulet)
HPRegen  0.21/turn              (no ring)
MPRegen  0.10/turn              (no ring)

@: tree-form, attractive
A: negative energy resistance 1, petrification resistance, miasma immunity, AC
+4
a: Renounce Religion


You were on level 5 of the Dungeon.
You worshipped Okawaru.
Okawaru was noncommittal.
You were a tree.
You visited 2 branches of the dungeon, and saw 6 of its levels.

You collected 280 gold pieces.

Inventory:

Hand Weapons
 a - a +1 long sword (weapon)
Armour
 c - a +1 kite shield (worn)
 i - a +0 chain mail (melded)
 p - a +0 helmet (melded)
Wands
 e - a wand of iceblast (9)
Scrolls
 b - a scroll of remove curse
 k - a scroll of amnesia
 l - 2 scrolls of enchant armour
 n - a scroll of fear
Potions
 d - 2 potions of curing
 m - a potion of cancellation
 o - a potion of mutation {unknown}
 q - a potion of berserk rage {unknown}
 s - a potion of brilliance {unknown}


   Skills:
 + Level 4.5 Fighting
 * Level 4.0 Long Blades
 * Level 5.6 Armour
 * Level 5.5 Shields
 + Level 0.4 Invocations
 + Level 0.3 Evocations


You had 6 spell levels left.
You didn't know any spells.
Your spell library was empty.

Dungeon Overview and Level Annotations

Branches:
Dungeon (5/15)             Temple (1/1) D:4

Altars:
Ashenzari
Cheibriados
Elyvilon
Gozag
Kikubaaqudgha
Makhleb
Nemelex Xobeh
Okawaru
Qazlal
Sif Muna
Trog
Uskayaw
Vehumet
Wu Jian
Xom
Yredelemnul
Zin

Annotations:
D:4 1 runed translucent door, timneilson's ghost, amateur GrFi


Innate Abilities, Weirdness & Mutations

You are resistant to torment.
((Your stone body is resilient. (AC +4)))
You are immune to poison.
You resist negative energy. (rN+)
((You are resistant to electric shocks. (rElec)))
((You can survive without breathing.))
You are immune to petrification.
You are immune to miasma.


Message History

Really quaff the potion of attraction?
You feel attractive to monsters.
The scorpion stings you but does no damage.
You hit the scorpion.
The scorpion is almost dead.
The orc priest hits you but does no damage.
The scorpion stings you but does no damage.
You closely miss the scorpion.
The scorpion is almost dead.
The orc priest mumbles some strange prayers to Beogh against you.
Beogh smites you!
* * * LOW HITPOINT WARNING * * *
You block the scorpion's attack.
The orc priest hits you but does no damage.
You hit the scorpion but do no damage.
The scorpion is almost dead.
You block the scorpion's attack.
The orc priest mumbles some strange prayers to Beogh against you.
Beogh smites you!
You die...

#.# #.# . #.# #### ..
#.# #<. .#$ #.# #.#
...# ####.### #♣#
..... ##†<....#
#s#...#..
##..>....###so....#
#...........Z......#
#.........#######....
#..........# #..
##........... .
##.....###### ##...##


You could see 2 scorpions, an orc priest and a centaur skeleton.

Vanquished Creatures
  Sigmund (D:2)
  An ogre (D:5)
  2 centaur skeletons (D:4)
  Jessica (D:3)
  A bullfrog skeleton (D:4)
  A worker ant (D:5)
  An orc wizard (D:4)
  A hound skeleton (D:3)
  Robin (D:4)
  7 adders
  2 oozes (D:2)
  An adder skeleton (D:4)
  2 worms
  2 dart slugs (D:1)
  4 leopard geckos
  8 orcs
  6 bats
  4 giant cockroaches
  11 goblins
  11 hobgoblins
  11 kobolds
  2 quokkas
  A ball python (D:2)
  3 frilled lizards
  5 rats
90 creatures vanquished.

Notes
Turn   | Place    | Note
-------+----------+-------------------------------------------
     0 | D:1      | timneilson the Gargoyle Fighter began the quest for the
                  | Orb.
     0 | D:1      | Reached XP level 1. HP: 14/14 MP: 1/1
   139 | D:1      | Reached XP level 2. HP: 14/19 MP: 2/2
   457 | D:1      | You fall into a shaft and drop 1 floor!
   484 | D:2      | Reached XP level 3. HP: 20/23 MP: 3/3
   855 | D:2      | Reached XP level 4. HP: 27/29 MP: 4/4
  1399 | D:2      | Noticed Sigmund
  1405 | D:2      | Killed Sigmund
  1406 | D:2      | Reached XP level 5. HP: 29/33 MP: 5/5
  1406 | D:2      | Reached XP level 6. HP: 33/38 MP: 6/6
  1829 | D:3      | Noticed Jessica
  1836 | D:3      | Killed Jessica
  1856 | D:3      | Found an opulent altar of Gozag.
  2329 | D:3      | Reached skill level 5 in Armour
  2446 | D:4      | Reached skill level 5 in Shields
  2646 | D:4      | Found a runed translucent door.
  2649 | D:4      | Noticed timneilson's ghost (amateur GrFi)
  2730 | D:4      | Found a staircase to the Ecumenical Temple.
  2761 | Temple   | Entered the Ecumenical Temple
  2797 | Temple   | Became a worshipper of Warmaster Okawaru
  2986 | D:4      | Found an ornate altar of the Wu Jian Council.
  3061 | D:4      | Noticed Robin
  3076 | D:4      | Killed Robin
  3394 | D:4      | Reached XP level 7. HP: 44/44 MP: 7/7
  3522 | D:5      | Entered Level 5 of the Dungeon
  3562 | D:5      | HP: 2/66 [orc priest/divine providence (11)]
  3563 | D:5      | Killed from afar by an orc priest

Illustrated notes

Levels and vault maps discovered:
D:1:      heliophobic_arrival_enchanted_forest, layout_loops_ring
D:2:      layout_loops_cross, minmay_misc_feat_rows, uniq_sigmund
D:3:      layout_basic, nicolae_overflow_hidden_temple, uniq_jessica
D:4:      layout_basic, marbit_many_paths, temple_doors_e,
          hellmonk_ghost_happy_afterlife, uniq_robin
D:5:      cheibrodos_fzero, layout_loops_ring, tgw_xom
Temple:   regret_index_temple_waves

Skill      XL: |  1  2  3  4  5  6  7 |
---------------+----------------------+-----
Long Blades    | 2 3 4 |  4.0
Armour         | 4 5 |  5.6
Shields        | 4 5 |  5.5
Fighting       | 4 |  4.5
Invocations    | |  0.4
Evocations     | |  0.3

Action                   |  1- 3 |  4- 6 |  7- 9 || total
-------------------------+-------+-------+-------++-------
Melee: Long sword        |   117 |   233 |    31 ||   381
  Use: Scroll            |     3 |    10 |       ||    13
       Potion            |       |     1 |     4 ||     5
Armor: Scale mail        |    53 |    30 |       ||    83
       Chain mail        |       |   145 |    20 ||   165
       Skin              |       |       |     6 ||     6
Dodge: Dodged            |    35 |    81 |    12 ||   128
Block: Kite shield       |    72 |   164 |    28 ||   264
       Rpst.: Long sword |    11 |    24 |     4 ||    39

Table legend: (Time is in decaauts)
 A = Elapsed time spent in this place.
 B = Non-inter-level travel time spent in this place.
 C = Inter-level travel time spent in this place.
 D = Time resting spent in this place.
 E = Time spent auto-exploring this place.
 F = Levels seen in this place.
 G = Mean time per level.
                   A        B        C        D        E       F      G
               +--------+--------+--------+--------+--------+-----+--------+
         Total |   3687 |   3544 |    143 |      0 |   2627 |   6 |  614.5 |
       Dungeon |   3575 |   3457 |    118 |      0 |   2544 |   5 |  715.0 |
        Temple |    112 |     87 |     25 |      0 |     83 |   1 |  112.0 |
               +--------+--------+--------+--------+--------+-----+--------+

Top non-repeatable levels by time:
     D:4: 1003 daAuts
     D:2: 997 daAuts
     D:1: 823 daAuts
     D:3: 702 daAuts
  Temple: 112 daAuts
     D:5: 47 daAuts
